Unix NetHack Version 5.0.0-0 post-release - last build May  4 2026 22:22:43 (774f63e81ad911689b3a0859ea89b322d5daca8d,branch:main).

Game began 2026-05-06 15:41:15, ended 2026-05-06 16:11:43.

Doran, lawful male human Samurai

                   %           ----------
                 --#----       |..{.....|
  ----------     |.....|      #-........|
  |....+...|     |.....|      #--------.-
  |++......|     |..`..|      #        #
  |.....000|     |.....|      #        #
  |.....0@0|     |....<.#     #        #
  |...+.00@|     ---.---#     #        #
  --------|-        #   #     #        #
          #      ####   #     #        ##              ----------        -----
          #      #      #     #      ---.------        |.........####    |...|
          #      #      #     #      |.........#####   |........|   #####....|
          #      #     ##     #    ##.........|    ####-........|        |...|
        --|------.--   #      #    # |........|        |........|        -----
        |..........|   #------###### |.....`..|        ----------
        |.........||   #|..[..#      |....>...|
        |..........|   #-....|#      |........|
        |..........|    |..>.-#      -.--------
        ------------    ------        #

Doran the Ronin        St:15 Dx:18 Co:17 In:8 Wi:11 Ch:7  Lawful S:378
Dlvl:2  $:0  HP:0(31) Pw:14(14) AC:0  Xp:3 T:1266 

Latest messages:
 What do you want to read? [lxBGK-NPQT-V or ?*] ?
 As you read the scroll, it disappears.
 A map coalesces in your mind!
 Unfortunately, you can't grasp the details.
 L - a cursed scroll of enchant weapon (wielded) (unpaid, 90 zorkmids).
 Inishbofin says "You be careful with my scroll of enchant weapon!"
 What do you want to read? [lxBGK-NPQTU or ?*] ?
 As you read the scroll, it disappears.
 You feel like someone is helping you.
 What do you want to wield? [- abcdm or ?*] ?
 a - a blessed +1 katana (weapon in right hand).
 Hachi picks up a dark blue spellbook.
 What do you want to read? [lxBGK-NPQTU or ?*] ?
 As you read the scroll, it disappears.
 Your katana glows blue for a moment.
 What do you want to drink? [hjqsAC or ?*] s
 You feel better.
 What do you want to read? [lxBGKMNPQTU or ?*] ?
 As you read the scroll, it disappears.
 Your banded mail rusts!
 What do you want to read? [lxBGKMNPQTU or ?*] ?
 As you read the scroll, it disappears.
 The shop's ceiling rumbles above you!
 Inishbofin is hit by a boulder!
 Inishbofin gets angry!
 You are hit by a boulder!
 Inishbofin zaps a long wand!
 The wand misses you.
 The boulder falls apart.
 The boulder falls apart.
 What do you want to read? [lxBGKMNPQTU or ?*] ?
 As you read the scroll, it disappears.
 The shop's ceiling rumbles around you!
 Inishbofin is hit by a boulder!
 What do you want to read? [lxBGKMNPTU or ?*] ?
 As you read the scroll, it disappears.
 The shop's ceiling rumbles above you!
 Inishbofin is hit by a boulder!
 You are hit by a boulder!
 Inishbofin drinks a sky blue potion!
 Inishbofin looks much better.
 You hit Inishbofin!
 Your hands no longer glow so brightly red.
 Inishbofin appears confused.
 You hit Inishbofin!
 Inishbofin zaps a wand of striking!
 The wand hits you!
 You die...
 Inishbofin takes all your possessions.
 Do you want to see what you had when you died? [ynq] (y) q

Inventory:
 Weapons  (')')
  d - 37 +0 ya (in quiver)
  c - a +0 yumi
  m - a cursed +0 elven short sword
  a - a blessed +2 katana (weapon in right hand)
  b - a +0 wakizashi (alternate weapon; not wielded)
 Armor    ('[')
  p - a blessed rusty +5 banded mail (being worn)
 Comestibles  ('%')
  f - 2 uncursed gunyoki
 Scrolls  ('?')
  l - an uncursed scroll of blank paper
  T - 2 uncursed scrolls of create monster
  K - an uncursed scroll of destroy armor
  x - 2 uncursed scrolls of enchant armor
  P - a blessed scroll of gold detection
  M - an uncursed scroll of gold detection
  B - an uncursed scroll of light
  N - an uncursed scroll of magic mapping
  G - 4 uncursed scrolls of remove curse
 Potions  ('!')
  C - an uncursed potion of blindness
  h - a blessed potion of extra healing
  q - an uncursed potion of levitation
  A - an uncursed potion of monster detection
  j - an uncursed potion of object detection
 Wands    ('/')
  u - a wand of light (0:13)
 Tools    ('(')
  n - a cursed tin whistle
 Gems/Stones  ('*')
  z - an uncursed worthless piece of blue glass
  v - an uncursed worthless piece of orange glass

Doran the Samurai's attributes:

Background:
 You were a Ronin, a level 3 male human Samurai.
 You were lawful, nominally on a mission for Amaterasu Omikami
 who was opposed by Raijin (neutral) and Susanowo (chaotic).
 You were right-handed.
 You were in the Dungeons of Doom, on level 2.
 You entered the dungeon 1266 turns ago.
 You had 47 experience points, 33 more were needed to attain level 4.
 Your score was 378 before end-of-game adjustments.

Basics:
 You had 0 out of 31 hit points.
 You had all 14 energy points (spell power).
 Your armor class was 0.
 Your wallet was empty.
 Autopickup was on, but temporarily disabled while inside the shop.

Final Characteristics:
 Your strength was 15 (limit:18/100).
 Your dexterity was 18 (limit:18).
 Your constitution was 17 (limit:18).
 Your intelligence was 8 (limit:18).
 Your wisdom was 11 (limit:18).
 Your charisma was 7 (limit:18).

Final Status:
 You weren't hungry.
 You were unencumbered.
 You were wielding a long sword.
 You had basic skill with long sword.

Final Attributes:
 You were devoutly aligned.
 You would have confused monsters when hitting them.
 You were warded.
 You were fast.
 You are dead.

Miscellaneous:
 You didn't encounter any bones levels.
 Total elapsed playing time was 30 minutes and 25 seconds.

Major events:
 Turn
    1: Doran the lawful male human Samurai entered the dungeon
  117: entered the Gnomish Mines
  965: attained the rank of Ronin (level 3)
 1266: killed by a wand

You didn't know any spells.

Skills:
 Fighting Skills
   martial arts      [Basic]
   two weapon combat [Unskilled]
   riding            [Unskilled]
 Weapon Skills
   dagger            [Unskilled]
   knife             [Unskilled]
   short sword       [Basic]
   broadsword        [Unskilled]
   long sword        [Basic]
   two-handed sword  [Unskilled]
   saber             [Unskilled]
   flail             [Unskilled]
   quarterstaff      [Unskilled]
   polearms          [Unskilled]
   spear             [Unskilled]
   lance             [Unskilled]
   bow               [Basic]
   shuriken          [Unskilled]
 Spellcasting Skills
   attack spells     [Unskilled]
   divination spells [Unskilled]
   clerical spells   [Unskilled]

Voluntary challenges:
 Character rerolling was not enabled.
 You were an atheist.
 You never genocided any monsters.
 You never polymorphed an object.
 You never changed form.
 You used no wishes.
Achievements:
 You entered the Gnomish Mines.
 You entered a shop.
 You attained the rank of Ronin.

 The Dungeons of Doom: levels 1 to 4
    Level 1:
    Level 2: <- You were here.
       A scroll shop, a fountain, a grave.
       Stairs down to The Gnomish Mines.
       Final resting place for
          you, killed by a wand.
    Level 3:
    Level 4:
 The Gnomish Mines:
    Level 3:


Vanquished creatures:
  a water nymph
  a gecko
  7 jackals
  a kobold
  2 goblins
  4 sewer rats
  3 grid bugs
  a bat
  3 lichens
  a newt
24 creatures vanquished.

No species were genocided or became extinct.

Game over:
                       ----------
                      /          \
                     /    REST    \
                    /      IN      \
                   /     PEACE      \
                  /                  \
                  |      Doran       |
                  |       0 Au       |
                  | killed by a wand |
                  |                  |
                  |                  |
                  |                  |
                  |       2026       |
                 *|     *  *  *      | *
        _________)/\\_//(\/(/\)/\//\/|_)_______

Sayonara Doran the Samurai...

You died in The Dungeons of Doom on dungeon level 2 with 378 points,
and 0 pieces of gold, after 1266 moves.
You were level 3 with a maximum of 31 hit points when you died.

